 Dungeon Crawl Stone Soup version 0.23.2-1-ga50397a (webtiles) character file.

Game seed: 3974689192046463686

467 Gazerockf the Shield-Bearer (level 6, -3/51 HPs)
             Began as a Minotaur Fighter on May 23, 2019.
             Splashed by a jelly's acid (6 damage)
             ... on level 5 of the Dungeon.
             The game lasted 00:10:45 (3269 turns).

Gazerockf the Shield-Bearer (Minotaur Fighter)      Turns: 3269, Time: 00:10:49

Health: -3/51      AC: -2    Str: 21    XL:     6   Next: 81%
Magic:  5/5        EV:  8    Int:  5    God:
Gold:   248        SH: 10    Dex: 11    Spells: 5/5 levels left

rFire    . . .     SeeInvis .   a - +1 long sword
rCold    . . .     Gourm    .   c - +0 shield
rNeg     . . .     Faith    .   x - +0 ring mail
rPois    .         Spirit   .   (helmet restricted)
rElec    .         Reflect  .   (no cloak)
rCorr    .         Harm     .   (no gloves)
MR       .....                  (no boots)
Stlth    +.........             (no amulet)
HPRegen  0.17/turn              (no ring)
MPRegen  0.09/turn              (no ring)

@: corroded
A: retaliatory headbutt, horns 2
a: no special abilities


You were on level 5 of the Dungeon.
You were not hungry.

You visited 1 branch of the dungeon, and saw 5 of its levels.

You collected 248 gold pieces.

Inventory:

Hand Weapons
 a - a +1 long sword (weapon)
 s - a +2 quarterstaff of chaos
 u - a +2 antimagic short sword
Missiles
 t - a javelin of penetration (quivered)
Armour
 b - a +0 scale mail
 c - a +0 shield (worn)
 e - a +0 plate armour
 r - a +0 leather armour
 x - a +0 ring mail (worn)
Scrolls
 i - 3 scrolls of remove curse
 j - a scroll of enchant weapon
 k - 3 scrolls of identify
 m - a scroll of fog
 n - 4 scrolls of teleportation {unknown}
 o - a scroll of blinking {unknown}
 q - 2 scrolls of immolation {unknown}
 y - a scroll of amnesia {unknown}
Potions
 d - 2 potions of might
 g - a potion of haste
 h - 2 potions of curing
 l - a potion of berserk rage {unknown}
 p - 3 potions of degeneration {unknown}
 w - a potion of flight {unknown}
 z - a potion of magic {unknown}
Comestibles
 f - 8 rations
 v - 2 chunks of flesh


   Skills:
 - Level 3.6 Fighting
 + Level 6.5 Long Blades
 - Level 3.6 Armour
 + Level 7.1 Shields


You had 5 spell levels left.
You didn't know any spells.
Your spell library contained the following spells:

 Spells                   Type           Power        Failure   Level  Hunger
 Magic Dart               Conj           #...         94%         1    ##.....
 Blink                    Tloc           N/A          98%         2    ###....
 Call Imp                 Summ           #.......     98%         2    ###....
 Slow                     Hex            #.......     98%         2    ###....
 Conjure Flame            Conj/Fire      #.......     100%        3    ####...
 Mephitic Cloud           Conj/Pois/Air  #.......     100%        3    ####...


Dungeon Overview and Level Annotations

Branches:
Dungeon (5/15)
 Temple: D:4-7

Altars:
Vehumet
Wu Jian

Annotations:
D:5 Grinder


Innate Abilities, Weirdness & Mutations

You reflexively headbutt those who attack you in melee.
You have a pair of horns on your head.


Message History

You block the jelly's attack.
You hit Grinder but do no damage. You block Grinder's attack.
The jelly hits you.
You are splashed with acid!
* * * LOW HITPOINT WARNING * * *
As you read the scroll labeled SINATHRA KUTWAS, it crumbles to dust.
It is a scroll of identify.
m - a scroll of fog Grinder hits you.
* * * LOW HITPOINT WARNING * * *
You writhe in agony.
* * * LOW HITPOINT WARNING * * *
You block the jelly's attack.
It was a potion of curing.
You feel better. Grinder hits you!
* * * LOW HITPOINT WARNING * * *
You writhe in agony.
* * * LOW HITPOINT WARNING * * *
The jelly hits you.
* * * LOW HITPOINT WARNING * * *
The acid corrodes you!
You are splashed with acid.
You die...

#...#...#........#..#
#
#....###.......##..#
...#####..###
#.......###.#
.......#.## ######.##
.# ........#### ###
.# .......#..(#####
##
...##..........#### .
#.............###
#.#....5@.......#
#........J.......#
..................#
...#...............#
#..#.>...(...$.....#
##.............##
##.......(....#
###...?......#
###........#


You could see Grinder and a jelly.

Vanquished Creatures
  Sigmund (D:3)
  A howler monkey (D:4)
  A hound (D:4)
  Crazy Yiuf (D:3)
  An orc wizard (D:4)
  A worker ant (D:5)
  A hound skeleton (D:4)
  3 adders
  3 oozes
  A worm (D:2)
  3 dart slugs
  3 leopard geckos
  3 orcs
  12 bats
  4 giant cockroaches
  10 goblins
  6 hobgoblins
  10 jackals
  4 quokkas
  A ball python (D:1)
  10 frilled lizards
  6 kobolds
  7 rats
  A fungus (D:3)
94 creatures vanquished.

Notes
Turn   | Place    | Note
-------+----------+-------------------------------------------
     0 | D:1      | Gazerockf the Minotaur Fighter began the quest for the Orb.
     0 | D:1      | Reached XP level 1. HP: 19/19 MP: 0/0
   110 | D:1      | Reached skill level 4 in Shields
   112 | D:1      | Reached XP level 2. HP: 23/26 MP: 1/1
   415 | D:1      | Reached XP level 3. HP: 31/31 MP: 2/2
  1193 | D:2      | Reached XP level 4. HP: 37/39 MP: 3/3
  1260 | D:2      | Reached skill level 5 in Shields
  1837 | D:3      | Noticed Sigmund
  1844 | D:3      | Killed Sigmund
  1844 | D:3      | Reached skill level 5 in Long Blades
  1844 | D:3      | Reached skill level 6 in Shields
  1844 | D:3      | Reached XP level 5. HP: 37/45 MP: 4/4
  2248 | D:3      | Reached XP level 6. HP: 46/51 MP: 5/5
  2540 | D:3      | Found a runed translucent door.
  2541 | D:3      | Noticed Crazy Yiuf
  2549 | D:3      | Killed Crazy Yiuf
  2709 | D:4      | Found an ornate altar of the Wu Jian Council.
  2769 | D:4      | Found a radiant altar of Vehumet.
  2967 | D:4      | Reached skill level 7 in Shields
  3219 | D:5      | Entered Level 5 of the Dungeon
  3257 | D:5      | Noticed Grinder
  3259 | D:5      | Paralysed by Grinder for 3 turns
  3269 | D:5      | Splashed by a jelly's acid

Skill      XL: |  1  2  3  4  5  6 |
---------------+-------------------+-----
Shields        | 4 6 7 |  7.1
Long Blades    | 3 4 5 6 |  6.5
Fighting       | |  3.6
Armour         | |  3.6

Action                   |  1- 3 |  4- 6 || total
-------------------------+-------+-------++-------
Melee: Long sword        |    99 |   143 ||   242
       Headbutt          |    10 |    32 ||    42
Throw: Javelin           |       |     1 ||     1
  Use: Scroll            |       |     3 ||     3
       Potion            |       |     1 ||     1
  Eat: Chunk             |     1 |     7 ||     8
Armor: Scale mail        |    55 |    30 ||    85
Dodge: Dodged            |    34 |    40 ||    74
Block: Shield            |    55 |    68 ||   123
       Rpst.: Long sword |     7 |    15 ||    22
